 Dungeon Crawl Stone Soup version 0.27-a0-1140-g099f9bb (webtiles) character file.

Game seed: 6148357073445837454

121 GeorgeSoros the Insei (level 5, -9/45 HPs)
             Began as a Naga Transmuter on May 8, 2021.
             Mangled by a gnoll
             ... wielding a +0 halberd
              (12 damage)
             ... on level 3 of the Dungeon.
             The game lasted 00:13:42 (3418 turns).

GeorgeSoros the Insei (Naga Transmuter)             Turns: 3418, Time: 00:13:42

Health: -9/45      AC:  3    Str: 12    XL:     5   Next: 5%
Magic:  8/8        EV: 10    Int: 14    God:
Gold:   110        SH:  0    Dex: 18    Spells: 4/8 levels left

rFire    . . .     SeeInvis +   c - +0 dagger (spect)
rCold    . . .     Faith    .   (no shield)
rNeg     . . .     Spirit   .   a - +1 robe
rPois    +         Reflect  .   (no helmet)
rElec    .         Harm     .   (no cloak)
rCorr    .         Rampage  .   (no gloves)
Will     .....                  (no barding)
Stlth    ++........             j - amulet of magic regeneration
HPRegen  0.15/turn              b - +6 ring of dexterity
MPRegen  0.36/turn              (no ring)

@: short of breath, very slow
A: AC +1, large, see invisible, deformed body, poison resistance, slowness 2,
spit poison 1, naga tail 1
a: Spit Poison


You were on level 3 of the Dungeon.
You visited 1 branch of the dungeon, and saw 3 of its levels.

You collected 110 gold pieces.

Inventory:

Hand Weapons
 c - a +0 spectral dagger (weapon)
Missiles
 g - 4 atropa-tipped darts
Armour
 a - a +1 robe (worn)
 e - a +0 ring mail
 m - a +2 buckler
Jewellery
 b - a +6 ring of dexterity (left hand)
 j - an amulet of magic regeneration (around neck)
Wands
 h - a wand of mindburst (12)
 l - a wand of digging (3)
Scrolls
 d - a scroll of magic mapping
Potions
 f - 4 potions of lignification
 i - 2 potions of brilliance
 n - a potion of magic


   Skills:
 - Level 2.0 Fighting
 - Level 1.5 Dodging
 - Level 2.6 Stealth
 + Level 2.1 Shields
 - Level 3.1 Unarmed Combat
 - Level 2.0 Spellcasting
 - Level 2.7 Transmutations
 - Level 1.2 Poison Magic


You had 4 spell levels left.
You knew the following spells:

 Your Spells              Type           Power      Damage    Failure   Level
a - Beastly Appendage     Tmut           18%        N/A       8%          1
b - Spider Form           Tmut/Pois      3%         N/A       30%         3

Your spell library contained the following spells:

 Spells                   Type           Power      Damage    Failure   Level
 Wereblood                Tmut           9%         N/A       12%         2
 Corona                   Hex            1%         N/A       24%         1
 Ensorcelled Hibernation  Hex/Ice        2%         N/A       34%         2
 Confusing Touch          Hex            1%         N/A       56%         3
 Dazzling Flash           Conj/Hex       2%         N/A       56%         3
 Gell's Gravitas          Tloc           0%         N/A       56%         3
 Tukima's Dance           Hex            1%         N/A       56%         3
 Ice Form                 Ice/Tmut       5%         N/A       80%         4
 Petrify                  Tmut/Erth      5%         N/A       80%         4
 Hydra Form               Tmut           4%         N/A       91%         5
 Yara's Violent Unravell  Hex/Tmut       2%         3d3       98%         5
 Metabolic Englaciation   Hex/Ice        0%         N/A       100%        5


Dungeon Overview and Level Annotations

Branches:
Dungeon (3/15)

Altars:

Shops:
D:2 [


Innate Abilities, Weirdness & Mutations

Your serpentine skin is tough. (AC +1)
You have supernaturally acute eyesight. (SInv)
Armour fits poorly on your strangely shaped body.
Your system is resistant to poisons. (rPois)
You cover ground very slowly.
You can spit poison.
You have a snake-like lower body.


Message History

You hit the gnoll but do no damage.
The gnoll is moderately wounded.
Your spectral weapon closely misses the gnoll.
The gnoll hits you with a +0 club.
You hit the gnoll but do no damage.
The gnoll is moderately wounded.
Your spectral weapon barely misses the gnoll.
You have got your breath back.
The gnoll hits you with a +0 club.
You hit the gnoll.
The gnoll is heavily wounded.
Your spectral weapon hits the gnoll!
You kill the gnoll!
The gnoll barely misses you.
Your Shields skill increases to level 2!
You have reached level 5!
Press: ? - help, Shift-Dir - straight line, f - gnoll
Aim: a gnoll, wielding a +0 halberd The splash of poison misses the gnoll.
The gnoll hits you from afar with a +0 halberd.
Okay, then.
Okay, then.
The gnoll shouts!
The gnoll hits you from afar with a +0 halberd!
Okay, then.
Okay, then.
You have got your breath back.
The gnoll hits you from afar with a +0 halberd!
* * * LOW HITPOINT WARNING * * *
Okay, then.
It was a potion of cancellation.
You feel magically purged. The gnoll closely misses you.
The gnoll hits you from afar with a +0 halberd.
* * * LOW HITPOINT WARNING * * *
Press: ? - help, Shift-Dir - straight line, f/p - gnoll
Aim: a gnoll, wielding a +0 halberd The splash of poison hits the gnoll.
The gnoll is poisoned.
The gnoll is lightly wounded.
The gnoll hits you from afar with a +0 halberd!
You die...

#.....###.#.#
#.###...#### ###.##
#......##...#
#.......########'##
#......######
###...............#
####...#
#######.........#
####...#####
###............#
....###....#
##......#####.<##
....###.####
##.g...)#####.....
....'......#
###..g.###.)..'.....
....###.##.###..@.###
#)####.....
....###.##.......## #.#
#.....
.<..'...##......## #g#
#.....
....#######...### #.#
#..... #####
#############g####.....
..................
#........g.########.
#..........<########
###...................


You could see 2 gnolls.

Vanquished Creatures
  A gnoll (D:3)
  3 adders
  A dart slug (D:3)
  4 orcs (D:3)
  6 bats
  4 endoplasms
  4 giant cockroaches
  7 goblins
  8 hobgoblins
  14 jackals
  3 quokkas
  2 ball pythons
  2 frilled lizards
  6 kobolds
  2 rats
67 creatures vanquished.

Notes
Turn   | Place    | Note
-------+----------+-------------------------------------------
     0 | D:1      | GeorgeSoros the Naga Transmuter began the quest for the
                  | Orb.
     0 | D:1      | Reached XP level 1. HP: 18/18 MP: 3/3
   295 | D:1      | Reached skill level 1 in Stealth
   302 | D:1      | Reached XP level 2. HP: 23/25 MP: 5/5
   572 | D:1      | Reached XP level 3. HP: 27/31 MP: 3/6
   576 | D:1      | Learned a level 3 spell: Spider Form
  1314 | D:2      | Reached skill level 1 in Poison Magic
  1692 | D:2      | Reached XP level 4. HP: 38/39 MP: 7/7
  2075 | D:2      | Found Wiz Takku's Armour Emporium.
  2178 | D:2      | Reached skill level 1 in Shields
  2296 | D:2      | Found a faded altar of an unknown god.
  3411 | D:3      | Reached XP level 5. HP: 30/45 MP: 8/8
  3418 | D:3      | Mangled by a gnoll

Illustrated notes

Levels and vault maps discovered:
D:1:      grunt_arrival_lava_bath, layout_loops_ring
D:2:      layout_loops_corners, serial_shops, shop,
          shapermc_ecumenical_altar_hornbeckon, minmay_split_cup_small
D:3:      layout_basic, serial_curves, eino_curves_03, eino_curves_02,
          minmay_misc_feat_secret_circle

Skill      XL: |  1  2  3  4 |
---------------+-------------+-----
Stealth        | 1 2 |  2.6
Poison Magic   | 1 |  1.2
Fighting       | 2 |  2.0
Shields        | 2 |  2.1
Dodging        | |  1.5
Unarmed Combat | |  3.1
Spellcasting   | |  2.0
Transmutations | |  2.7

Action                   |  1- 3 |  4- 6 || total
-------------------------+-------+-------++-------
Melee: Dagger            |    82 |    63 ||   145
       Unarmed           |     4 |       ||     4
       Headbutt          |     6 |     2 ||     8
 Cast: Beastly Appendage |     6 |     2 ||     8
 Abil: Spit Poison       |    30 |    24 ||    54
  Use: Scroll            |     6 |     2 ||     8
       Potion            |       |     1 ||     1
 Stab: Sleeping          |     5 |     1 ||     6
Armor: Robe              |    24 |    15 ||    39
Dodge: Dodged            |    53 |    37 ||    90

Table legend: (Time is in decaauts)
 A = Elapsed time spent in this place.
 B = Non-inter-level travel time spent in this place.
 C = Inter-level travel time spent in this place.
 D = Time resting spent in this place.
 E = Time spent auto-exploring this place.
 F = Levels seen in this place.
 G = Mean time per level.
                   A        B        C        D        E       F      G
               +--------+--------+--------+--------+--------+-----+--------+
         Total |   4269 |   4083 |    186 |    216 |   3286 |   3 | 1423.0 |
       Dungeon |   4269 |   4083 |    186 |    216 |   3286 |   3 | 1423.0 |
               +--------+--------+--------+--------+--------+-----+--------+

Top non-repeatable levels by time:
     D:2: 1692 daAuts
     D:1: 1601 daAuts
     D:3: 976 daAuts
